 Dungeon Crawl Stone Soup version 0.21-a0-274-gc1afaeb (webtiles) character file.

5 tilp the Firebug (level 1, 0/14 HPs)
             Began as a Hill Orc Fire Elementalist on Sept 19, 2017.
             Slain by a kobold
             ... wielding a +0 whip
              (2 damage)
             ... on level 1 of the Dungeon.
             The game lasted 00:01:02 (320 turns).

tilp the Firebug (Hill Orc Fire Elementalist)        Turns: 320, Time: 00:01:02

Health: 0/14       AC:  2    Str: 10    XL:     1   Next: 80%
Magic:  2/3        EV: 12    Int: 15    God:
Gold:   32         SH:  0    Dex: 11    Spells: 2/3 levels left

rFire    . . .     SeeInvis .   a - +0 hand axe
rCold    . . .     Gourm    .   (no shield)
rNeg     . . .     Faith    .   f - +0 robe
rPois    .         Spirit   .   (no helmet)
rElec    .         Reflect  .   (no cloak)
rCorr    .         Harm     .   (no gloves)
MR       .....                  (no boots)
Stlth    +.........             (no amulet)
HPRegen  0.04/turn              h - ring of loudness (curse)
MPRegen  0.08/turn              (no ring)

@: no status effects
A: no striking features
a: no special abilities


You were on level 1 of the Dungeon.
You were not hungry.

You visited 1 branch of the dungeon, and saw 1 of its levels.

You collected 32 gold pieces.

Inventory:

Hand Weapons
 a - a +0 hand axe (weapon)
Armour
 f - a +0 robe (worn)
Jewellery
 h - a cursed ring of loudness (left hand)
Scrolls
 g - a scroll of noise {unknown}
Potions
 e - a potion of ambrosia {unknown}
 i - 2 potions of curing {unknown}
Books
 b - a book of Flames

   Spells                             Type                      Level
   a - Flame Tongue                   Conjuration/Fire             1
   b - Throw Flame                    Conjuration/Fire             2
   c - Conjure Flame                  Conjuration/Fire             3
   d - Inner Flame                    Hexes/Fire                   3
   e - Sticky Flame                   Conjuration/Fire             4
   f - Fireball                       Conjuration/Fire             5
Comestibles
 c - a bread ration
 d - 2 chunks of flesh


   Skills:
 - Level 1.5 Dodging
 - Level 1.5 Stealth
 + Level 1.6 Spellcasting
 * Level 1.6 Conjurations
 + Level 3.3 Fire Magic


You had 2 spell levels left.
You knew the following spells:

 Your Spells              Type           Power        Failure   Level  Hunger
a - Flame Tongue          Conj/Fire      #....        9%          1    ##.....


Dungeon Overview and Level Annotations

Branches:
Dungeon (1/15)

Altars:


Message History

Casting: Flame Tongue
Confirm with . or Enter, or press ? or * to list all spells.
Aiming: Flame Tongue
Press: ? - help, Shift-Dir - straight line, f - kobold
Aim: a kobold, wielding a whip The flame tongue misses the kobold.
You miss the bat. You barely miss the kobold. The bat hits you.
The kobold hits you with a whip.
You hit the kobold but do no damage. You hit the bat. The bat hits you. x2
The kobold completely misses you. The bat hits you but does no damage.
The kobold closely misses you.
A giant cockroach comes into view.
You barely miss the kobold. The bat hits you but does no damage.
The bat closely misses you. The kobold hits you with a whip.
* * * LOW HITPOINT WARNING * * *
Unknown command.
You closely miss the kobold. You hit the bat.
You kill the bat!
The kobold hits you with a whip.
You die...

###).###........#
#h#...##........#
#k#..8#.........#
#y#...).........########
#l#..8#..............(.#
#h#...#................#
###..##.##.............+
....8##.##......†$.....#
.....##...>.....@.......
8.8.#######....K.......#
....# #...#..$....##
##### #...#.s.....#
.............#
#.............#
#.............#
........###


You could see a giant cockroach and a kobold.

Vanquished Creatures
  2 goblins (D:1)
  2 bats (D:1)
  A frilled lizard (D:1)
5 creatures vanquished.

Notes
Turn   | Place    | Note
-------+----------+-------------------------------------------
     0 | D:1      | tilp the Hill Orc Fire Elementalist began the quest for the Orb.
     0 | D:1      | Reached XP level 1. HP: 14/14 MP: 3/3
    19 | D:1      | Noticed a wolf
    19 | D:1      | Noticed a lindwurm
    19 | D:1      | Noticed a killer bee
    19 | D:1      | Noticed a polar bear
   320 | D:1      | Slain by a kobold

Vault maps used:
D:1:      onia_arrival_zoo_common

Action                   || total
-------------------------++-------
Melee: Hand axe          ||    10
 Cast: Flame Tongue      ||     4
Armor: Robe              ||     7
Dodge: Dodged            ||     8

Table legend:
 A = Spawn XP
 B = Non-spawn XP
 C = Spawn XP percentage of total XP
 D = Spawn monster count
 E = Non-spawn monster count
 F = Spawn count percentage of total count
 G = Total turns spent on level
                    A         B        C        D         E        F      G
               +---------+---------+-------+---------+---------+-------+---------
         Total |       0 |       8 |   0.0 |       0 |       5 |   0.0 |   320
               +---------+---------+-------+---------+---------+-------+---------
           D:1 |       0 |       8 |   0.0 |       0 |       5 |   0.0 |   320
               +---------+---------+-------+---------+---------+-------+---------
